 Dungeon Crawl Stone Soup version 0.21-a0-630-g344d351 (webtiles) character file.

1175 slep the Slasher (level 8, -3/42 HPs)
             Began as a Vine Stalker Gladiator on Dec 26, 2017.
             Slain by a gnoll (6 damage)
             ... on level 6 of the Dungeon.
             The game lasted 00:18:41 (4430 turns).

slep the Slasher (Vine Stalker Gladiator)           Turns: 4430, Time: 00:18:42

Health: -3/42      AC:  6    Str: 17    XL:     8   Next: 41%
Magic:  0/9        EV: 17    Int:  8    God:
Gold:   423        SH:  0    Dex: 18    Spells: 7/7 levels left

rFire    . . .     SeeInvis .   a - +0 long sword
rCold    . . .     Gourm    .   (no shield)
rNeg     . . .     Faith    .   b - +0 leather armour
rPois    .         Spirit   +   c - +0 helmet
rElec    .         Reflect  .   A - -1 cloak (curse)
rCorr    .         Harm     .   y - +0 pair of gloves
MR       +....     Rnd*Tele +   s - +0 pair of boots
Stlth    ++........             (no amulet)
HPRegen  0.54/turn              n - +3 ring of evasion
MPRegen  0.11/turn              r - ring of teleportation (curse)

@: no status effects
A: fangs 3, regeneration 1, magic shield, antimagic bite, no potion heal 3, rot
immunity
a: no special abilities


You were on level 6 of the Dungeon.
You were not hungry.

You visited 2 branches of the dungeon, and saw 7 of its levels.

You collected 423 gold pieces.

Inventory:

Hand Weapons
 a - a +0 long sword (weapon)
 z - the +6 war axe of Bankruptcy {antimagic, rC+ Str+2}
   (You found it on level 4 of the Dungeon)

   It reduces the magical energy of the wielder, and disrupts the spells and
   magical abilities of those hit.
   Natural abilities and divine invocations are not affected.
   It affects your strength (+2).
   It protects you from cold.
Missiles
 d - 5 throwing nets (quivered)
 h - 20 poisoned needles
 m - 25 sling bullets
 C - 5 tomahawks
Armour
 b - a +0 leather armour (worn)
 c - a +0 helmet (worn)
 s - a +0 pair of boots (worn)
 y - a +0 pair of gloves (worn)
 A - a cursed -1 cloak (worn)
 F - a +0 buckler
Jewellery
 n - a +3 ring of evasion (left hand)
 r - a cursed ring of teleportation (right hand)
 w - an uncursed ring of resist corrosion {unknown}
 x - a +2 ring of evasion
Scrolls
 e - 5 scrolls of identify {unknown}
 g - 3 scrolls of remove curse {unknown}
 l - a scroll of teleportation {unknown}
 o - a scroll of fog {unknown}
 p - a scroll of blinking {unknown}
 t - a scroll of enchant weapon {unknown}
 D - a scroll of immolation {unknown}
Potions
 i - a potion of agility {unknown}
 j - a potion of might {unknown}
 k - a potion of haste {unknown}
 q - a potion of lignification {unknown}
 u - 2 potions of flight {unknown}
 v - 2 potions of degeneration {unknown}
 B - a potion of invisibility {unknown}
Comestibles
 f - 11 rations
 E - 2 chunks of flesh


   Skills:
 + Level 3.8 Fighting
 + Level 6.8 Long Blades
 + Level 1.8 Throwing
 + Level 2.2 Armour
 + Level 4.2 Dodging
 + Level 2.8 Stealth


You had 7 spell levels left.
You didn't know any spells.

Dungeon Overview and Level Annotations

Branches:
Dungeon (6/15)             Temple (1/1) D:4

Altars:
Ashenzari
Cheibriados
Dithmenos
Elyvilon
Fedhas
Gozag
Hepliaklqana
Kikubaaqudgha
Makhleb
Nemelex Xobeh
Qazlal
Sif Muna
Trog
Uskayaw
Vehumet
Wu Jian
The Shining One


Innate Abilities, Weirdness & Mutations

You have razor-sharp teeth.
Your natural rate of healing is unusually fast.
When hurt, damage is shared between your health and your magic reserves.
Your bite disrupts and absorbs the magic of your enemies.
Potions cannot restore your health.
You are immune to rotting.


Message History

You slash the gnoll!
The gnoll is severely wounded.
The gnoll misses you. The gnoll closely misses you.
The gnoll hits you with a whip.
* * * LOW HITPOINT WARNING * * *
The gnoll hits you with a spear of distortion.
* * * LOW HITPOINT WARNING * * *
Space bends around you.
* * * LOW HITPOINT WARNING * * *
The gnoll barely misses you.
You riposte.
You barely miss the gnoll. Your bite misses the gnoll.
The gnoll is moderately wounded.
Some of the chunks of flesh in your inventory have rotted away.
You barely miss the gnoll. You bite the gnoll. You drain its power.
You feel invigorated.
The gnoll is severely wounded.
The gnoll closely misses you.
You riposte.
You hit the gnoll.
The gnoll is moderately wounded.
The gnoll hits you!
You die...

## ###### ..
#$...#
########....#
...#!....).))..# #
≈≈.....).))#)g##.#
≈≈.........#.g@gg#
...#......†#..gg.#
# #######'#####.#
..# .# ...# #
....# ######
........ ≈....≈≈


You could see 6 gnolls.

Vanquished Creatures
  An ice beast (D:6)
  3 big kobolds (D:3)
  A gnoll sergeant (D:6)
  A wight (D:6)
  2 crimson imps
  3 orc priests
  Crazy Yiuf (D:2)
  4 orc wizards
  A worker ant (D:5)
  A hound skeleton (D:5)
  20 gnolls
  6 adders
  2 adder skeletons (D:5)
  3 worms
  3 dart slugs
  7 leopard geckos
  12 orcs
  2 ball pythons
  3 bats
  6 giant cockroaches
  36 goblins
  23 hobgoblins
  12 jackals
  14 kobolds
  A quokka (D:5)
  6 frilled lizards
  A leopard gecko skeleton (D:5)
  8 rats
183 creatures vanquished.

Notes
Turn   | Place    | Note
-------+----------+-------------------------------------------
     0 | D:1      | slep the Vine Stalker Gladiator began the quest for the Orb.
     0 | D:1      | Reached XP level 1. HP: 11/11 MP: 2/2
   154 | D:1      | Reached skill level 3 in Long Blades
   154 | D:1      | Reached XP level 2. HP: 15/15 MP: 3/3
   560 | D:1      | Reached XP level 3. HP: 18/18 MP: 4/4
   727 | D:2      | Found a sparkling altar of Nemelex Xobeh.
   877 | D:2      | Gained mutation: Your natural rate of healing is unusually fast. [Vine Stalker growth]
   877 | D:2      | Reached XP level 4. HP: 20/23 MP: 5/5
  1007 | D:2      | Found a faded altar of an unknown god.
  1273 | D:2      | Found a runed door.
  1742 | D:3      | Reached skill level 4 in Long Blades
  1838 | D:3      | Reached skill level 1 in Stealth
  1838 | D:3      | Reached XP level 5. HP: 17/26 MP: 6/6
  1839 | D:3      | Reached skill level 1 in Armour
  2088 | D:3      | Reached XP level 6. HP: 32/32 MP: 7/7
  2131 | D:3      | Reached skill level 5 in Long Blades
  2138 | D:3      | Reached XP level 7. HP: 10/35 MP: 4/8
  2574 | D:4      | Found a staircase to the Ecumenical Temple.
  2581 | Temple   | Entered the Ecumenical Temple
  2765 | D:4      | Found a hazy altar of Hepliaklqana.
  3117 | D:2      | Noticed Crazy Yiuf
  3120 | D:2      | Killed Crazy Yiuf
  3505 | D:4      | Got a fine war axe
  3511 | D:4      | Identified the +6 war axe of Bankruptcy {antimagic, rC+ Str+2} (You found it on level 4 of the Dungeon)
  3558 | D:5      | Entered Level 5 of the Dungeon
  3669 | D:5      | Found a burning altar of Makhleb.
  3751 | D:5      | Reached skill level 6 in Long Blades
  3999 | D:5      | Found a bloodstained altar of Trog.
  3999 | D:5      | Found a hide-covered altar of Uskayaw.
  4015 | D:5      | Found a faded altar of an unknown god.
  4017 | D:5      | Found a stormy altar of Qazlal.
  4019 | D:5      | Found a blossoming altar of Fedhas.
  4168 | D:6      | Gained mutation: You have razor-sharp teeth. [Vine Stalker growth]
  4168 | D:6      | Reached XP level 8. HP: 26/40 MP: 9/9
  4429 | D:6      | HP: 2/42 [gnoll/spear of distortion (2)]
  4430 | D:6      | Slain by a gnoll

Vault maps used:
D:1:      matt_arrival_los_fun
D:2:      lemuel_doored_altar, chequers_ecumenical_altar_simple_redux,
          uniq_crazy_yiuf_cottage
D:3:      minmay_goblin_kobold_castle, minmay_distorted
D:4:      nicolae_overflow_hidden_temple, minmay_temple_entry_junction_2
D:5:      kennysheep_mini, chequers_temple_overflow_minitemple, first_ration
D:6:      lemuel_castle_with_subvaults, kennysheep_little_box, basic_altar
Temple:   cyrus_temple_forest

Skill      XL: |  1  2  3  4  5  6  7 |
---------------+----------------------+-----
Long Blades    | 3 4 5 6 |  6.8
Fighting       | 2 3 |  3.8
Dodging        | 3 4 |  4.2
Stealth        | 1 2 |  2.8
Armour         | 1 2 |  2.2
Throwing       | |  1.8

Action                   |  1- 3 |  4- 6 |  7- 9 || total
-------------------------+-------+-------+-------++-------
Melee: Long sword        |    76 |   184 |   199 ||   459
       Bite              |    24 |    60 |    79 ||   163
 Stab: Sleeping          |       |     2 |     3 ||     5
  Eat: Chunk             |       |     4 |     8 ||    12
Armor: Leather armour    |    29 |    44 |    29 ||   102
Dodge: Dodged            |    78 |   211 |   211 ||   500
       Rpst.: Long sword |    28 |    53 |    66 ||   147

Table legend:
 A = Spawn XP
 B = Non-spawn XP
 C = Spawn XP percentage of total XP
 D = Spawn monster count
 E = Non-spawn monster count
 F = Spawn count percentage of total count
 G = Total turns spent on level
                    A         B        C        D         E        F      G
               +---------+---------+-------+---------+---------+-------+---------
         Total |       0 |    1679 |   0.0 |       0 |     183 |   0.0 |  4430
               +---------+---------+-------+---------+---------+-------+---------
           D:1 |       0 |      39 |   0.0 |       0 |      24 |   0.0 |   670
           D:2 |       0 |     123 |   0.0 |       0 |      28 |   0.0 |   769
           D:3 |       0 |     566 |   0.0 |       0 |      82 |   0.0 |  1231
           D:4 |       0 |     176 |   0.0 |       0 |      12 |   0.0 |   789
           D:5 |       0 |     222 |   0.0 |       0 |      13 |   0.0 |   590
           D:6 |       0 |     524 |   0.0 |       0 |      22 |   0.0 |   282
        Temple |       0 |      29 |   0.0 |       0 |       2 |   0.0 |    99
               +---------+---------+-------+---------+---------+-------+---------
